 Dungeon Crawl Stone Soup version 0.17-a0-945-g601bd79 (webtiles) character file.

1465 inmateoo the Skirmisher (level 8, -2/63 HPs)
             Began as a Mummy Fighter on May 6, 2015.
             Slain by a goliath beetle (19 damage)
             ... on level 6 of the Dungeon.
             The game lasted 00:11:50 (7487 turns).

inmateoo the Skirmisher (Mummy Fighter)             Turns: 7487, Time: 00:11:50

Health: -2/63      AC: 12    Str: 20    XL:     8   Next: 48%
Magic:  8/8        EV:  7    Int:  8    God:
Gold:   270        SH: 10    Dex: 12    Spells: 0 memorised, 7 levels left

rFire  x . .     SeeInvis +     a - +1 flail
rCold  + + .     Clarity  .     b - +0 scale mail
rNeg   + + +     SustAb   .     c - +0 shield
rPois  ∞         Gourm    .     j - +1 helmet {SInv}
rElec  .         Spirit   .     f - +0 cloak
rCorr  .         Warding  .     (no gloves)
rMut   +         Stasis   .     l - +1 pair of boots
MR     +....                    g - amulet of resist mutation
Stlth  ..........               n - ring of flight
                                k - ring of protection from cold

@: somewhat resistant to hostile enchantments, extremely unstealthy
A: no food or potions, fire vulnerability, cold resistance 1, negative energy
resistance 3, torment resistance, unbreathing
a: Evoke Flight


You were on level 6 of the Dungeon.
You were not hungry.

You visited 2 branches of the dungeon, and saw 7 of its levels.
You also visited: Ossuary.

You collected 378 gold pieces.
You spent 108 gold pieces at shops.

Inventory:

Hand weapons
 a - a +1 flail (weapon)
Armour
 b - a +0 scale mail (worn)
 c - a +0 shield (worn)
 f - a +0 cloak (worn)
 j - a +1 helmet of see invisible (worn)
 l - a +1 pair of boots (worn)
Jewellery
 g - an amulet of resist mutation (around neck)
 k - a ring of protection from cold (left hand)
 n - a ring of flight (right hand)
Magical devices
 m - a wand of teleportation (0)
Scrolls
 d - 5 scrolls of identify
 e - a scroll of enchant weapon
 h - 4 scrolls of remove curse
 i - 3 scrolls of blinking


   Skills:
 + Level 5.5 Fighting
 * Level 5.5 Maces & Flails
 + Level 4.6 Armour
 + Level 4.7 Shields


You had 7 spell levels left.
You didn't know any spells.

Dungeon Overview and Level Annotations

Branches:
Dungeon (6/15)             Temple (1/1) D:5

Altars:
Ashenzari
Cheibriados
Elyvilon
Fedhas
Gozag
Makhleb
Qazlal
Sif Muna
Trog
Vehumet
Xom
Yredelemnul
Zin

Shops:
D:4 =   D:5 ==[=


Innate Abilities, Weirdness & Mutations

You do not eat or drink.
Your flesh is vulnerable to fire.
You are immune to poison.
Your flesh is cold resistant.
You are immune to negative energy.
You are immune to unholy pain and torment.
You can survive without breathing.


Message History

The goliath beetle is severely wounded.
You sock the goliath beetle!
The goliath beetle is almost dead.
You block the goliath beetle's attack.
You hit the goliath beetle but do no damage.
The goliath beetle is almost dead.
You hit the goliath beetle.
The goliath beetle is almost dead.
The goliath beetle bites you!!
* * * LOW HITPOINT WARNING * * *
You are too injured to fight recklessly!
You are too injured to fight recklessly!
You are too injured to fight recklessly!
You are too injured to fight recklessly!
You hit the goliath beetle but do no damage.
The goliath beetle is almost dead.
You hit the goliath beetle but do no damage.
The goliath beetle is almost dead.
The goliath beetle bites you!!
You die...

.... .... #####
#####..#
#⌠≈≈###≈≈⌠#..#
#≈≈≈≈≈≈≈≈≈#..#
#≈≈≈###≈≈≈#..#
##≈##.##B##..# ..
#≈≈._.#≈@...# ...#.
##≈##.##≈##.##
...[..#≈≈≈###≈≈≈#.#
...#..#≈≈≈≈≈≈≈≈≈#.#
......#⌠≈≈###≈≈⌠#.#
#...#####.#####.#
#...............#
#.....###.#######
#.........#


You could see a goliath beetle.

Vanquished Creatures
  3 ogres
  2 big kobolds
  A scorpion (D:4)
  2 centaur zombies (Ossuary)
  A crimson imp (D:3)
  3 hounds
  2 human zombies (Ossuary)
  A centaur skeleton (D:4)
  3 orc priests
  2 orc wizards
  3 worker ants
  2 big kobold zombies (Ossuary)
  2 mummies
  A hound skeleton (D:6)
  Robin (D:1)
  17 gnolls
  5 adders
  2 shadow imps
  An adder zombie (Ossuary)
  A worm (D:2)
  7 giant geckos
  16 orcs
  10 bats
  35 hobgoblins
  13 kobolds
  A quokka (D:4)
  A ball python (D:1)
  2 giant cockroaches
  3 giant newts
  35 goblins
  A goblin zombie (Ossuary)
  11 hobgoblin zombies (Ossuary)
  17 jackals
  A jackal skeleton (D:4)
  A jackal zombie (Ossuary)
  8 kobold zombies (Ossuary)
  7 orc zombies (Ossuary)
  13 rats
  A rat zombie (Ossuary)
238 creatures vanquished.

Notes
Turn   | Place    | Note
--------------------------------------------------------------
     0 | D:1      | inmateoo, the Mummy Fighter, began the quest for the Orb.
     0 | D:1      | Reached XP level 1. HP: 18/18 MP: 1/1
   132 | D:1      | Reached XP level 2. HP: 16/24 MP: 2/2
   772 | D:2      | Noticed Robin
   778 | D:1      | Killed Robin
   778 | D:1      | Reached XP level 3. HP: 22/29 MP: 3/3
  1284 | D:2      | Reached XP level 4. HP: 28/35 MP: 4/4
  2139 | D:3      | Reached XP level 5. HP: 40/42 MP: 5/5
  2709 | D:4      | Noticed an ogre
  2786 | D:4      | Reached skill level 4 in Fighting
  2812 | D:4      | Reached XP level 6. HP: 43/48 MP: 6/6
  2961 | D:4      | Killed an ogre
  3182 | D:4      | Noticed an ogre
  3190 | D:4      | HP: 2/48 [ogre/giant club (7)]
  3192 | D:4      | Killed an ogre
  3815 | D:4      | Reached XP level 7. HP: 50/55 MP: 7/7
  4015 | D:4      | Found Eklilus's Jewellery Boutique.
  4090 | D:5      | Entered Level 5 of the Dungeon
  4134 | D:5      | Found Obaeloaj's Jewellery Emporium.
  4566 | D:5      | Found Ykhupn's Antique Armour Emporium.
  4571 | D:5      | Bought a runed helmet for 108 gold pieces
  4644 | D:5      | Found Roetikes's Jewellery Shoppe.
  5293 | D:4      | Reached skill level 5 in Fighting
  5293 | D:4      | Reached skill level 5 in Maces & Flails
  5492 | D:5      | Reached XP level 8. HP: 46/62 MP: 8/8
  5568 | D:5      | Found Ahath's Jewellery Shoppe.
  6129 | D:5      | Found a staircase to the Ecumenical Temple.
  6365 | Temple   | Entered the Ecumenical Temple
  6690 | D:6      | Found a sand-covered staircase.
  6700 | Ossuary  | Entered an ossuary
  7432 | D:6      | Found a snail-covered altar of Cheibriados.
  7487 | D:6      | Slain by a goliath beetle

Action                   |  1- 3 |  4- 6 |  7- 9 || total
-------------------------+-------+-------+-------++-------
Melee: Flail             |   136 |   219 |   533 ||   888
Throw: Throwing net      |       |     1 |       ||     1
Evoke: Wand              |       |       |     2 ||     2
  Use: Scroll            |       |     7 |     1 ||     8
